| TOP OF THE 1ST |
|
Clinton LumberKings batting - Pitching for Cedar Rapids Kernels : RHP Ruben Calderon
|
|
Pitching: RHP Ruben Calderon
|
|
|
Batting: RHB Josh Ruhl
|
0-0: Ground out 5-3 (Groundball, 56, EV 108.1 MPH)
|
|
Batting: LHB Nick McGraw
|
0-0: Ball 1-0: Ball 2-0: Called Strike 2-1: Ball 3-1: Called Strike 3-2: Base on Balls
|
|
Batting: LHB Israel Montoya
|
0-0: Ball 1-0: SINGLE (Groundball, 4MD, EV 110.6 MPH) (infield hit) Nick McGraw to second
|
|
Batting: LHB Taki Matsui
|
0-0: Called Strike 0-1: Swinging Strike 0-2: Strikes out swinging
|
|
Batting: RHB Heitaro Tanaka
|
0-0: Swinging Strike 0-1: Ball 1-1: Ball 2-1: Swinging Strike 2-2: Strikes out swinging
|
| Top of the 1st over - 0 runs, 1 hit, 0 errors, 2 left on base; Clinton 0 - Cedar Rapids 0 |
| BOTTOM OF THE 1ST |
|
Cedar Rapids Kernels batting - Pitching for Clinton LumberKings : RHP Bill Porter
|
|
Pitching: RHP Bill Porter
|
|
|
Batting: RHB Tim Carter
|
0-0: Ball 1-0: Ball 2-0: Ball 3-0: Called Strike 3-1: Base on Balls
|
|
Batting: RHB Mike Buchanan
|
0-0: Called Strike 0-1: Ball 1-1: Called Strike 1-2: Ball 2-2: Ball Tim Carter steals 2nd base 3-2: Foul Ball, location: 2F 3-2: Fly out, F7 (Flyball, 7S, EV 77.5 MPH)
|
|
Batting: LHB Tomas Espino
|
0-0: Foul Ball, location: 2F 0-1: Ball 1-1: Reached via error on a dropped throw from SS, E3 (Groundball, 6, EV 75.6 MPH) Tim Carter to third
|
|
Batting: RHB Nick Phipps
|
0-0: Foul Ball, location: 2F 0-1: Ball 1-1: Foul Ball, location: 2F 1-2: Ball 2-2: Fielders Choice at 2nd, 5-4 (Groundball, 56, EV 85.6 MPH) Tim Carter scores
|
|
Batting: RHB Ruben Serrata
|
0-0: Called Strike Nick Phipps steals 2nd base 0-1: Ball 1-1: Foul Ball, location: 2F 1-2: Strikes out swinging
|
| Bottom of the 1st over - 1 run, 0 hits, 1 error, 1 left on base; Clinton 0 - Cedar Rapids 1 |
| TOP OF THE 2ND |
|
Clinton LumberKings batting - Pitching for Cedar Rapids Kernels : RHP Ruben Calderon
|
|
Batting: LHB Sean Trueblood
|
0-0: Called Strike 0-1: SINGLE (Groundball, 4MS, EV 66.9 MPH) (infield hit)
|
|
Batting: RHB Matt Fenimore
|
0-0: Called Strike 0-1: SINGLE (Groundball, 6MD, EV 106.9 MPH) Sean Trueblood to second
|
|
Batting: RHB David Greene
|
0-0: Ball 1-0: Swinging Strike 1-1: Ball 2-1: Foul Ball, location: 2F 2-2: Strikes out swinging
|
|
Batting: LHB Chang Huie
|
0-0: Ball 1-0: DOUBLE (Groundball, 5L, EV 103.8 MPH) Sean Trueblood scores Matt Fenimore to third
|
|
Batting: RHB Josh Ruhl
|
0-0: Ball 1-0: Ball 2-0: Ground out 5-3 (Groundball, 56, EV 78.1 MPH) Matt Fenimore scores
|
|
Batting: LHB Nick McGraw
|
0-0: Ball 1-0: Ball 2-0: Called Strike 2-1: DOUBLE (Groundball, 3L, EV 101.2 MPH) Chang Huie scores
|
|
Batting: LHB Israel Montoya
|
0-0: Swinging Strike 0-1: SINGLE (Line Drive, 8RS, EV 105.6 MPH) Nick McGraw to third
|
|
Batting: LHB Taki Matsui
|
0-0: Ball 1-0: Called Strike 1-1: Foul Ball, location: 2F 1-2: Ground out 4-3 (Groundball, 4, EV 103.8 MPH)
|
| Top of the 2nd over - 3 runs, 5 hits, 0 errors, 2 left on base; Clinton 3 - Cedar Rapids 1 |
| BOTTOM OF THE 2ND |
|
Cedar Rapids Kernels batting - Pitching for Clinton LumberKings : RHP Bill Porter
|
|
Batting: RHB Jose Gracia
|
0-0: Ball 1-0: Swinging Strike 1-1: Ball 2-1: Foul Ball, location: 2F 2-2: Ball 3-2: Fly out, F8 (Flyball, 8LS, EV 81.9 MPH)
|
|
Batting: RHB Steve Terrell
|
0-0: Ground out 4-3 (Groundball, 4, EV 103.8 MPH)
|
|
Batting: RHB Jeremy Witt
|
0-0: Called Strike 0-1: Foul Ball, location: 2F 0-2: Ball 1-2: Ball 2-2: Ground out 6-3 (Groundball, 56, EV 80.6 MPH)
|
| Bottom of the 2nd over - 0 runs, 0 hits, 0 errors, 0 left on base; Clinton 3 - Cedar Rapids 1 |
| TOP OF THE 3RD |
|
Clinton LumberKings batting - Pitching for Cedar Rapids Kernels : RHP Ruben Calderon
|
|
Batting: RHB Heitaro Tanaka
|
0-0: Foul Ball, location: 2F 0-1: DOUBLE (Groundball, 3L, EV 103.1 MPH)
|
|
Batting: LHB Sean Trueblood
|
0-0: Called Strike 0-1: Ball 1-1: Ground out 4-3 (Groundball, 4, EV 88.1 MPH) Heitaro Tanaka to third
|
|
Batting: RHB Matt Fenimore
|
0-0: Called Strike 0-1: Foul Ball, location: 2F 0-2: Ball 1-2: SINGLE (Groundball, 34, EV 104.4 MPH) Heitaro Tanaka scores
|
|
Batting: RHB David Greene
|
0-0: Swinging Strike 0-1: Ball 1-1: Ball 2-1: Foul Ball, location: 2F 2-2: Strikes out swinging
|
|
Batting: LHB Chang Huie
|
0-0: Called Strike 0-1: SINGLE (Line Drive, 78M, EV 89.4 MPH) Matt Fenimore to second
|
|
Batting: RHB Josh Ruhl
|
0-0: Ball 1-0: Foul Ball, location: 2F 1-1: Foul Ball, location: 2F 1-2: Strikes out looking
|
| Top of the 3rd over - 1 run, 3 hits, 0 errors, 2 left on base; Clinton 4 - Cedar Rapids 1 |
| BOTTOM OF THE 3RD |
|
Cedar Rapids Kernels batting - Pitching for Clinton LumberKings : RHP Bill Porter
|
|
Batting: RHB Ratko Macura
|
0-0: Ball 1-0: Called Strike 1-1: Ball 2-1: Called Strike 2-2: Strikes out swinging
|
|
Batting: RHB Tim Carter
|
0-0: Ball 1-0: SINGLE (Groundball, 6M, EV 94.4 MPH) (infield hit)
|
|
Batting: RHB Mike Buchanan
|
0-0: Ball 1-0: Foul Ball, location: 2F 1-1: Ball 2-1: Grounds into double play, 6-4-3 (Groundball, 6, EV 87.5 MPH)
|
| Bottom of the 3rd over - 0 runs, 1 hit, 0 errors, 0 left on base; Clinton 4 - Cedar Rapids 1 |
| TOP OF THE 4TH |
|
Clinton LumberKings batting - Pitching for Cedar Rapids Kernels : RHP Ruben Calderon
|
|
Batting: LHB Nick McGraw
|
0-0: Ball 1-0: Foul Ball, location: 2F 1-1: Ball 2-1: Ground out U3 (Groundball, 34, EV 86.2 MPH)
|
|
Batting: LHB Israel Montoya
|
0-0: Called Strike 0-1: Fly out, F7 (Flyball, 78S, EV 90.6 MPH)
|
|
Batting: LHB Taki Matsui
|
0-0: Foul Ball, location: 2F 0-1: Foul Ball, location: 2F 0-2: Strikes out swinging
|
| Top of the 4th over - 0 runs, 0 hits, 0 errors, 0 left on base; Clinton 4 - Cedar Rapids 1 |
| BOTTOM OF THE 4TH |
|
Cedar Rapids Kernels batting - Pitching for Clinton LumberKings : RHP Bill Porter
|
|
Batting: LHB Tomas Espino
|
0-0: Ball 1-0: Swinging Strike 1-1: Foul Ball, location: 2F 1-2: Ground out U3 (Groundball, 3, EV 83.8 MPH)
|
|
Batting: RHB Nick Phipps
|
0-0: Ball 1-0: Ball 2-0: Called Strike 2-1: Ground out 6-3 (Groundball, 6, EV 92.5 MPH)
|
|
Batting: RHB Ruben Serrata
|
0-0: Ball 1-0: Ground out 5-3 (Groundball, 56S, EV 64.4 MPH)
|
| Bottom of the 4th over - 0 runs, 0 hits, 0 errors, 0 left on base; Clinton 4 - Cedar Rapids 1 |
| TOP OF THE 5TH |
|
Clinton LumberKings batting - Pitching for Cedar Rapids Kernels : RHP Ruben Calderon
|
|
Batting: RHB Heitaro Tanaka
|
0-0: Ball 1-0: Foul Ball, location: 2F 1-1: Ball 2-1: SINGLE (Line Drive, 7S, EV 109.4 MPH)
|
|
Batting: LHB Sean Trueblood
|
0-0: Ball 1-0: Foul Ball, location: 2F 1-1: Called Strike 1-2: Ball 2-2: Ground out 6-3 (Groundball, 6S, EV 63.8 MPH) Heitaro Tanaka to second
|
|
Batting: RHB Matt Fenimore
|
0-0: Ball 1-0: Ball 2-0: Called Strike 2-1: Swinging Strike 2-2: Foul Ball, location: 2F 2-2: Ball 3-2: Foul Ball, location: 2F 3-2: Strikes out swinging
|
|
Batting: RHB David Greene
|
0-0: Ball 1-0: Swinging Strike 1-1: Ground out 4-3 (Groundball, 4M, EV 108.8 MPH)
|
| Top of the 5th over - 0 runs, 1 hit, 0 errors, 1 left on base; Clinton 4 - Cedar Rapids 1 |
| BOTTOM OF THE 5TH |
|
Cedar Rapids Kernels batting - Pitching for Clinton LumberKings : RHP Bill Porter
|
|
Batting: RHB Jose Gracia
|
0-0: SOLO HOME RUN (Flyball, 7D, EV 95.0 MPH), Distance : 361 ft
|
|
Batting: RHB Steve Terrell
|
0-0: Fly out, F8 (Flyball, 89M, EV 86.2 MPH)
|
|
Batting: RHB Jeremy Witt
|
0-0: Called Strike 0-1: Ball 1-1: Called Strike 1-2: Ball 2-2: Ground out 6-3 (Groundball, 6, EV 87.5 MPH)
|
|
Batting: RHB Ratko Macura
|
0-0: Called Strike 0-1: Ball 1-1: Ground out 5-3 (Groundball, 56D, EV 86.2 MPH)
|
| Bottom of the 5th over - 1 run, 1 hit, 0 errors, 0 left on base; Clinton 4 - Cedar Rapids 2 |
| TOP OF THE 6TH |
|
Clinton LumberKings batting - Pitching for Cedar Rapids Kernels : RHP Ruben Calderon
|
|
Batting: LHB Chang Huie
|
0-0: Ball 1-0: Fly out, F9 (Line Drive, 9S, EV 98.8 MPH)
|
|
Batting: RHB Josh Ruhl
|
0-0: Ball 1-0: Called Strike 1-1: SOLO HOME RUN (Flyball, 9D, EV 100.6 MPH), Distance : 385 ft
|
|
Pitching: RHP Pat Adams
|
|
|
Batting: LHB Nick McGraw
|
0-0: Fly out, F5 (Popup, 25F, EV 75.0 MPH)
|
|
Batting: LHB Israel Montoya
|
0-0: Fly out, F9 (Flyball, 9LSF, EV 85.6 MPH)
|
| Top of the 6th over - 1 run, 1 hit, 0 errors, 0 left on base; Clinton 5 - Cedar Rapids 2 |
| BOTTOM OF THE 6TH |
|
Cedar Rapids Kernels batting - Pitching for Clinton LumberKings : RHP Bill Porter
|
|
Batting: RHB Tim Carter
|
0-0: Fly out, F5 (Popup, 5SF, EV 82.5 MPH)
|
|
Batting: RHB Mike Buchanan
|
0-0: Called Strike 0-1: Ball 1-1: Called Strike 1-2: SINGLE (Line Drive, 9S, EV 103.8 MPH)
|
|
Batting: LHB Tomas Espino
|
0-0: Ball 1-0: Fly out, F7 (Flyball, 7LS, EV 74.4 MPH)
|
|
Batting: RHB Nick Phipps
|
0-0: DOUBLE (Line Drive, 89XD, EV 105.6 MPH) Mike Buchanan to third
|
|
Batting: RHB Ruben Serrata
|
0-0: SINGLE (Groundball, 34D, EV 104.4 MPH) Mike Buchanan scores Nick Phipps to third Runner from 3rd tries for Home, SAFE, throw by RF to home Ruben Serrata to second
|
|
Batting: RHB Jose Gracia
|
0-0: Ground out U3 (Groundball, 3L, EV 90.0 MPH)
|
| Bottom of the 6th over - 2 runs, 3 hits, 0 errors, 1 left on base; Clinton 5 - Cedar Rapids 4 |
| TOP OF THE 7TH |
|
Clinton LumberKings batting - Pitching for Cedar Rapids Kernels : RHP Pat Adams
|
|
Batting: LHB Taki Matsui
|
0-0: Ball 1-0: Ball 2-0: Called Strike 2-1: Fly out, F8 (Line Drive, 8RM, EV 106.2 MPH)
|
|
Batting: RHB Heitaro Tanaka
|
0-0: Foul Ball, location: 2F 0-1: Ground out U3 (Groundball, 3L, EV 101.9 MPH)
|
|
Batting: LHB Sean Trueblood
|
0-0: Called Strike 0-1: Swinging Strike 0-2: Ground out U3 (Groundball, 13, EV 88.8 MPH)
|
| Top of the 7th over - 0 runs, 0 hits, 0 errors, 0 left on base; Clinton 5 - Cedar Rapids 4 |
| BOTTOM OF THE 7TH |
|
Cedar Rapids Kernels batting - Pitching for Clinton LumberKings : RHP Bill Porter
|
|
Batting: RHB Steve Terrell
|
0-0: Ground out 5-3 (Groundball, 56, EV 86.2 MPH)
|
|
Batting: RHB Jeremy Witt
|
0-0: Ball 1-0: Ball 2-0: Called Strike 2-1: Foul Ball, location: 2F 2-2: Ball 3-2: Foul Ball, location: 2F 3-2: Base on Balls
|
|
Pitching: RHP Rich Benoit
|
|
|
Batting: RHB Ratko Macura
|
0-0: Ball 1-0: Called Strike 1-1: DOUBLE (Groundball, 5L, EV 101.9 MPH) Jeremy Witt to third
|
|
Batting: RHB Tim Carter
|
0-0: Ball 1-0: Foul Ball, location: 2F 1-1: Foul Ball, location: 2F 1-2: Foul Ball, location: 2F 1-2: Foul Ball, location: 2F 1-2: SINGLE (Line Drive, 89M, EV 104.4 MPH) Jeremy Witt scores Ratko Macura to third
|
|
Batting: RHB Mike Buchanan
|
0-0: Foul Ball, location: 2F 0-1: SINGLE (Groundball, 34D, EV 98.8 MPH) Ratko Macura scores Tim Carter to second Runner from 2nd tries for 3rd, OUT! 9-5
|
|
Batting: LHB Tomas Espino
|
0-0: Fly out, F8 (Flyball, 78M, EV 76.9 MPH)
|
| Bottom of the 7th over - 2 runs, 3 hits, 0 errors, 1 left on base; Clinton 5 - Cedar Rapids 6 |
| TOP OF THE 8TH |
|
Clinton LumberKings batting - Pitching for Cedar Rapids Kernels : RHP Pat Adams
|
|
Batting: RHB Matt Fenimore
|
0-0: Called Strike 0-1: Ball 1-1: Swinging Strike 1-2: Ball 2-2: Strikes out swinging
|
|
Pinch Hitting: SHB Brendan Bundy
|
0-0: Ground out U3 (Groundball, 3S, EV 64.4 MPH)
|
|
Batting: LHB Chang Huie
|
0-0: Fly out, F7 (Flyball, 7, EV 89.4 MPH)
|
| Top of the 8th over - 0 runs, 0 hits, 0 errors, 0 left on base; Clinton 5 - Cedar Rapids 6 |
| BOTTOM OF THE 8TH |
|
Cedar Rapids Kernels batting - Pitching for Clinton LumberKings : RHP Rich Benoit
|
|
Now at SS: Omar Solis
|
|
|
Batting: RHB Nick Phipps
|
0-0: Ball 1-0: Foul Ball, location: 2F 1-1: Ball 2-1: SINGLE (Groundball, 4MD, EV 94.4 MPH)
|
|
Batting: RHB Ruben Serrata
|
0-0: Called Strike Nick Phipps is caught stealing 2nd base 2-4 0-1: Foul Ball, location: 2F 0-2: Foul Ball, location: 2F 0-2: Ball 1-2: Ball 2-2: DOUBLE (Groundball, 5L, EV 96.9 MPH)
|
|
Batting: RHB Jose Gracia
|
0-0: Ball 1-0: SINGLE (Groundball, 56D, EV 98.8 MPH) Ruben Serrata to third Runner from 3rd tries for Home, SAFE, throw by LF to home Jose Gracia to second
|
|
Batting: RHB Steve Terrell
|
0-0: Foul Ball, location: 2F 0-1: Reached on error, E6 (Groundball, 6, EV 89.4 MPH) Jose Gracia scores
|
|
Pitching: RHP Matt Lane
|
|
|
Batting: RHB Jeremy Witt
|
0-0: Swinging Strike 0-1: Ball 1-1: Foul Ball, location: 2F 1-2: Foul Ball, location: 2F 1-2: Ball 2-2: Ball 3-2: SINGLE (Flyball, 6D, EV 90.0 MPH) Steve Terrell to third
|
|
Batting: RHB Ratko Macura
|
0-0: Called Strike 0-1: SINGLE (Line Drive, 34D, EV 106.2 MPH) Steve Terrell scores Jeremy Witt to second
|
|
Batting: RHB Tim Carter
|
0-0: Ball 1-0: Called Strike 1-1: Ball 2-1: Ball 3-1: Base on Balls Jeremy Witt to third Ratko Macura to second
|
|
Batting: RHB Mike Buchanan
|
0-0: Called Strike 0-1: SINGLE (Flyball, 56D, EV 90.0 MPH) Jeremy Witt scores Ratko Macura to third Tim Carter to second
|
|
Batting: LHB Tomas Espino
|
0-0: Swinging Strike 0-1: Ball 1-1: Ball 2-1: Foul Ball, location: 2F 2-2: Strikes out swinging
|
|
Batting: RHB Nick Phipps
|
0-0: Foul Ball, location: 2F 0-1: Swinging Strike 0-2: Fly out, F7 (Flyball, 7S, EV 87.5 MPH)
|
| Bottom of the 8th over - 4 runs, 6 hits, 1 error, 3 left on base; Clinton 5 - Cedar Rapids 10 |
| TOP OF THE 9TH |
|
Clinton LumberKings batting - Pitching for Cedar Rapids Kernels : RHP Pat Adams
|
|
Batting: RHB Josh Ruhl
|
0-0: Ground out 5-3 (Groundball, 56, EV 103.1 MPH)
|
|
Batting: LHB Nick McGraw
|
0-0: Called Strike 0-1: Ball 1-1: Ball 2-1: Ball 3-1: Foul Ball, location: 2F 3-2: Foul Ball, location: 2F 3-2: Foul Ball, location: 2F 3-2: Ground out 4-3 (Groundball, 4, EV 79.4 MPH)
|
|
Batting: LHB Israel Montoya
|
0-0: Ball 1-0: Called Strike 1-1: Ball 2-1: Foul Ball, location: 2F 2-2: Ball 3-2: Strikes out looking
|
| Top of the 9th over - 0 runs, 0 hits, 0 errors, 0 left on base; Clinton 5 - Cedar Rapids 10 |
|